 Dungeon Crawl Stone Soup version 0.28-a0-1344-g6b9ff3a05d (webtiles) character file.

Game seed: 2011450417330429928

32072 Conn the Arsonist (level 13, -10/76 HPs)
             Began as an Octopode Fire Elementalist on Dec 29, 2021.
             Was a High Priest of Sif Muna.
             Mangled by a blink frog (42 damage)
             ... on level 4 of the Lair of Beasts.
             The game lasted 01:10:14 (19726 turns).

Conn the Arsonist (Octopode Fire Elementalist)     Turns: 19726, Time: 01:10:14

Health: -10/76     AC:  6    Str:  8    XL:     13   Next: 62%
Magic:  43/46      EV:  2    Int: 35    God:    Sif Muna [*****.]
Gold:   797        SH:  0    Dex: 19    Spells: 5/35 levels left

rFire   + . .      SeeInvis .   b - staff of fire
rCold   + + .      Faith    .   y - orb {*Rage}
rNeg    + . .      Spirit   .   n - +1 hat of Imperfection {Rampage rC+ Slay+3}
rPois   +          Reflect  +   w - amulet of reflection
rElec   .          Harm     .   A - ring of willpower
rCorr   +          Rampage  +   t - +4 ring of evasion
Will    +....      Rage     21% c - ring "Lupsud" {rPois rN+ MP+9 Int+4 Dex+6}
Stlth   +++++.....              S - ring of wizardry
HPRegen 0.22/turn               H - ring of magical power
MPRegen 0.30/turn               q - ring "Cemaq" {AC+4 Int+4}
                                M - ring of resist corrosion
                                i - +6 ring of intelligence

@: sleeping, on berserk cooldown, slowed
A: almost no armour, amphibious, 8 rings, camouflage 1, gelatinous body 1,
(nimble swimmer 1), tentacles, berserk 1, cold resistance 1, no potion heal 1,
MP-powered wands
a: Renounce Religion, Channel Magic, Forget Spell, Divine Exegesis


You were on level 4 of the Lair of Beasts.
You worshipped Sif Muna.
Sif Muna was extremely pleased with you.
You visited 3 branches of the dungeon, and saw 18 of its levels.
You also visited: Bailey.

You collected 1137 gold pieces.
You spent 340 gold pieces at shops.

Inventory:

Hand Weapons
 a - a +5 short sword of speed
 x - the +7 hunting sling "Erenue" {flame, Str+3}
   (You found it on level 12 of the Dungeon)

   Any ammunition fired from it burns those it strikes, dealing additional fire
   damage.
   Str:       It affects your strength (+3).
Missiles
 z - 4 throwing nets (quivered)
 C - 4 curare-tipped darts
Armour
 n - the +1 hat of Imperfection (worn) {Rampage rC+ Slay+3}
   (You acquired it on level 8 of the Dungeon)

   Slay:      It affects your accuracy & damage with ranged weapons and melee
   (+3).
   rC:        It protects you from cold.
   Rampage:   It bestows one free step when moving towards enemies.
 y - an orb of wrath (worn)
Magical Staves
 b - a staff of fire (weapon)
Jewellery
 c - the ring "Lupsud" (on tentacle) {rPois rN+ MP+9 Int+4 Dex+6}
   (You acquired it on level 8 of the Dungeon)

   [ring of dexterity]

   Int:       It affects your intelligence (+4).
   Dex:       It affects your dexterity (+6).
   rPois:     It protects you from poison.
   rN:        It protects you from negative energy.
   MP:        It affects your magic capacity (+9).
 h - a ring of see invisible
 i - a +6 ring of intelligence (on tentacle)
 q - the ring "Cemaq" (on tentacle) {AC+4 Int+4}
   (You acquired it on level 11 of the Dungeon)

   [ring of protection]

   AC:        It affects your AC (+4).
   Int:       It affects your intelligence (+4).
 s - a ring of ice
 t - a +4 ring of evasion (right tentacle)
 w - an amulet of reflection (around mantle)
 A - a ring of willpower (left tentacle)
 H - a ring of magical power (on tentacle)
 M - a ring of resist corrosion (on tentacle)
 P - a ring of protection from cold
 S - a ring of wizardry (on tentacle)
Wands
 m - a wand of flame (23)
 o - a wand of polymorph (16)
 r - a wand of paralysis (15)
 B - a wand of charming (3)
 I - a wand of digging (2)
 R - a wand of iceblast (9)
Scrolls
 l - a scroll of fog
 u - 4 scrolls of teleportation
 D - 2 scrolls of enchant armour
 E - a scroll of amnesia
 J - 2 scrolls of fear
 N - a scroll of summoning
 O - 2 scrolls of identify
Potions
 d - a potion of invisibility
 e - 4 potions of might
 f - a potion of magic
 g - 4 potions of flight
 j - 2 potions of resistance
 k - 7 potions of haste
 p - 4 potions of lignification
 v - a potion of ambrosia
 F - a potion of brilliance
 K - a potion of cancellation
 L - 3 potions of curing
 Q - a potion of berserk rage {unknown}


   Skills:
 + Level 2.7 Fighting
 + Level 1.4 Short Blades
 + Level 0.8 Staves
 + Level 0.5 Throwing
 + Level 4.7 Dodging
 + Level 7.4 Stealth
 + Level 1.8 Shields
 + Level 11.5 Spellcasting
 * Level 9.5 Conjurations
 + Level 4.9 Hexes
 + Level 2.0 Summonings
 + Level 12.1 Fire Magic
 - Level 8.7 Invocations
 + Level 0.2 Evocations


You had 5 spell levels left.
You knew the following spells:

 Your Spells              Type           Power      Damage    Failure   Level
a - Foxfire               Conj/Fire      100%       2x1d9     1%          1
b - Conjure Flame         Conj/Fire      97%        6-21      1%          3
c - Inner Flame           Hex/Fire       88%        N/A       1%          3
d - Flame Wave            Conj/Fire      97%        2d13      1%          4
e - Scorch                Fire           100%       2d10      0%          2
f - Summon Guardian Gole  Hex/Summ       44%        N/A       1%          3
g - Orb of Destruction    Conj           36%        9d13      14%         7
h - Spellforged Servitor  Conj/Summ      28%        N/A       52%         7

Your spell library contained the following spells:

 Spells                   Type           Power      Damage    Failure   Level
 Sandblast                Erth           40%        2d10      1%          1
 Corpse Rot               Necr/Air       40%        N/A       1%          2
 Ensorcelled Hibernation  Hex/Ice        74%        N/A       1%          2
 Poisonous Vapours        Pois/Air       40%        N/A       1%          2
 Dazzling Flash           Conj/Hex       100%       N/A       1%          3
 Portal Projectile        Hex/Tloc       74%        N/A       1%          3
 Tukima's Dance           Hex            53%        N/A       1%          3
 Petrify                  Tmut/Erth      20%        N/A       9%          4
 Silence                  Hex/Air        18%        N/A       9%          5
 Summon Forest            Summ/Tloc      13%        N/A       16%         5
 Agony                    Necr           20%        N/A       24%         5
 Alistair's Intoxication  Tmut/Pois      13%        N/A       24%         5
 Borgnjor's Vile Clutch   Necr/Erth      10%        N/A       24%         5
 Enfeeble                 Hex            26%        N/A       65%         7
 Eringya's Noxious Bog    Tmut/Pois      10%        N/A       75%         6


Dungeon Overview and Level Annotations

Branches:
Dungeon (13/15)            Temple (1/1) D:5            Lair (4/6) D:10
 Shoals (0/4) Lair:2          Orc (0/2) D:12         Bailey (visited)
  Swamp: Lair:2-4     Snake: Lair:2-4    Spider: Lair:2-4    Vaults: D:13-14

Altars:
Cheibriados
Elyvilon
Gozag
Kikubaaqudgha
Makhleb
Okawaru
Qazlal
Ru
Sif Muna
Uskayaw
Vehumet
Wu Jian
Xom
Yredelemnul
Zin
The Shining One
Beogh

Shops:
D:2 *   D:5 ?   D:9 *   D:11 !

Annotations:
D:3 niknal's ghost, amateur GrGl


Innate Abilities, Weirdness & Mutations

You cannot wear most types of armour.
You are amphibious.
You can wear up to eight rings at the same time.
Your skin changes colour to match your surroundings (Stealth+).
Your rubbery body absorbs attacks. (AC +1, EV +1)
((You are camouflaged when in or above water. (Stealth+)))
You have tentacles for arms and can constrict up to eight enemies at once.
You tend to lose your temper in combat.
Your flesh is cold resistant. (rC+)
Potions are less effective at restoring your health.
You expend magic power (3 MP) to strengthen your wands.


Message History

Unknown command.
As you read the scroll of fear, it crumbles to dust.
You assume a fearsome visage.
The blink frog looks frightened! x4
The dream sheep looks frightened!
The dream sheep panics and turns to flee.
The dream sheep looks frightened!
A frightened dream sheep leaps away.
The dream sheep looks frightened!
The dream sheep bleats in terror.
You constrict the blink frog.
You constrict the dream sheep, but do no damage.
The blink frog blinks!
The blink frog blinks free!
The blink frog blinks! x3
The dream sheep struggles to escape constriction.
The blink frog blinks! x2
Unknown command.
Unknown command.
Your system partially rejects the healing.
You feel much better.
You constrict the dream sheep.
The dream sheep struggles to escape constriction.
The dream sheep misses you. The dream sheep barely misses you.
The dream sheep escapes!
Casting: Foxfire (safe; 1% risk of failure)
Confirm with . or Enter, or press ? or * to list all spells.
Casting: Flame Wave (safe; 1% risk of failure)
Press: ? - help, Dir - look around, f - activate
Okay, then.
Casting: Flame Wave (safe; 1% risk of failure)
Confirm with . or Enter, or press ? or * to list all spells.
Casting: Flame Wave (safe; 1% risk of failure)
Press: ? - help, Dir - look around, f - activate You feel a surge of power!
A wave of flame ripples out!
The flame wave engulfs the dream sheep!!
The dream sheep is almost dead. (Press . to intensify the flame waves.)
The dream sheep are wreathed in dream dust.
You feel drowsy...
You fall asleep.
The dream sheep completely misses you. The blink frog hits you!!!
Ouch! That really hurt!
You die...

..# ##...>. #### ....# .......
...### #...# .......
.....#####.... #......Y
.......#......# ........
.....P.....P...#........
...............Y#.......
...............F@†...Y.Y
...............†..#####.
...................##
....................#####
.....................#..###### ##
........................##...###.
.................................
........................##.......
.......................#..#.#..#.


You could see a blink frog and 4 dream sheep.

Vanquished Creatures
  Harold (Lair:2)
  A boulder beetle (D:12)
  The ghost of Peloso the Carver, a novice MiFi of Okawaru (D:9)
  The ghost of Ameky the Martial Artist, a journeyman OpTm of Makhleb (Lair:1)
  7 two-headed ogres
  2 skeletal warriors (D:12)
  2 deep elf pyromancers
  Pikel (D:5)
  An orc knight (Bailey)
  An ugly thing (D:11)
  2 cyclopes (D:12)
  3 black mambas
  Maurice (D:11)
  A gargoyle (D:12)
  3 cane toads
  3 rime drakes
  A komodo dragon (Lair:4)
  A troll (D:11)
  2 hornets
  Grinder (D:5)
  A slime creature (D:10)
  9 blink frogs
  3 dream sheep (Lair:4)
  A shadow (D:9)
  A wraith (D:9)
  4 wyverns
  17 yaks
  5 basilisks
  2 steam dragons
  A warg (D:12)
  7 water moccasins
  13 orc warriors
  2 ice beasts
  A black bear (D:10)
  A sky beast (D:5)
  3 wolves (D:10)
  7 centaurs
  4 kobold brigands
  12 bullfrogs
  2 wyvern zombies (D:8)
  A gnoll sergeant (D:9)
  A water moccasin zombie (D:7)
  3 scorpions
  9 killer bees
  5 howler monkeys
  9 wights
  2 electric eels (Lair:1)
  3 jellies
  2 hounds
  5 orc priests
  A bullfrog skeleton (D:4)
  3 iguanas
  8 orc wizards
  6 hell rats (Lair:4)
  A howler monkey zombie (D:6)
  3 gnolls (D:9)
  8 adders
  A white imp (D:6)
  2 ufetubi (D:5)
  A worm (D:4)
  2 dart slugs (D:1)
  45 orcs
  6 endoplasms
  6 giant cockroaches
  10 goblins
  4 hobgoblins
  3 jackals (D:1)
  17 kobolds
  2 quokkas
  3 ball pythons
  5 bats
  5 frilled lizards
  5 rats
319 creatures vanquished.

Vanquished Creatures (collateral kills)
  9 foxfires
9 creatures vanquished.

Vanquished Creatures (others)
  The ghost of HessuHobo the Fighter, a journeyman DsBe of Trog (Lair:1)
  2 hydras
  Urug (D:12)
  2 skeletal warriors (D:12)
  An ugly thing (D:10)
  A vampire (D:10)
  An acid dragon (D:10)
  An orc warrior (D:10)
  A howler monkey zombie (D:9)
  A quokka (D:12)
  1267 foxfires
  4 fungi
  30 plants
  2 withered plants (Lair:1)
1315 creatures vanquished.

Grand Total: 1643 creatures vanquished

Notes
Turn   | Place    | Note
-------+----------+-------------------------------------------
     0 | D:1      | Conn the Octopode Fire Elementalist began the quest for the
                  | Orb.
     0 | D:1      | Reached XP level 1. HP: 11/11 MP: 3/3
     2 | D:1      | Noticed a naga
     4 | D:1      | Noticed a gargoyle
     4 | D:1      | Noticed a demigod
     6 | D:1      | Noticed a merfolk
     8 | D:1      | Noticed a vampire
     8 | D:1      | Noticed a ghoul
    10 | D:1      | Noticed a dwarf
    12 | D:1      | Noticed a minotaur
    14 | D:1      | Noticed a troll
    14 | D:1      | Noticed a felid
    16 | D:1      | Noticed an elf
    18 | D:1      | Noticed a demonspawn
    18 | D:1      | Noticed a human
    20 | D:1      | Noticed a spriggan
    20 | D:1      | Noticed an octopode
    22 | D:1      | Noticed a vine stalker
    22 | D:1      | Noticed an ogre
    24 | D:1      | Noticed a tengu
    24 | D:1      | Noticed a draconian
    26 | D:1      | Noticed a formicid
   152 | D:1      | Reached XP level 2. HP: 13/17 MP: 0/5
   404 | D:1      | Found a faded altar of an unknown god.
   719 | D:1      | Reached XP level 3. HP: 17/21 MP: 0/6
  1508 | D:2      | Found Isapaunn's General Store.
  1838 | D:2      | Reached XP level 4. HP: 19/27 MP: 5/7
  2530 | D:3      | Found a runed translucent door.
  2532 | D:3      | Noticed niknal's ghost (amateur GrGl)
  2698 | D:4      | Reached skill level 4 in Fire Magic
  2698 | D:4      | Reached XP level 5. HP: 28/31 MP: 1/9
  2731 | D:4      | Noticed an ice beast
  3014 | D:2      | Learned a level 3 spell: Conjure Flame
  3018 | D:2      | Learned a level 3 spell: Inner Flame
  3150 | D:3      | Found a glowing golden altar of the Shining One.
  3596 | D:4      | Killed an ice beast
  3597 | D:4      | Reached XP level 6. HP: 17/37 MP: 0/11
  3810 | D:4      | Reached skill level 1 in Short Blades
  4410 | D:5      | Entered Level 5 of the Dungeon
  4436 | D:5      | Noticed a sky beast
  4443 | D:5      | Killed a sky beast
  4444 | D:5      | Reached skill level 1 in Fighting
  4444 | D:5      | Reached XP level 7. HP: 33/43 MP: 7/12
  4653 | D:5      | Noticed Grinder
  4660 | D:5      | Killed Grinder
  4661 | D:5      | Reached skill level 5 in Fire Magic
  4764 | D:5      | Found a staircase to the Ecumenical Temple.
  4776 | Temple   | Entered the Ecumenical Temple
  4941 | Temple   | Became a worshipper of Sif Muna the Loreminder
  5019 | D:5      | Noticed Pikel
  5020 | D:5      | Found Efiru's Magic Scroll Emporium.
  5035 | D:5      | Killed Pikel
  5036 | D:5      | Reached skill level 5 in Spellcasting
  5036 | D:5      | Reached skill level 1 in Hexes
  5036 | D:5      | Reached XP level 8. HP: 48/48 MP: 1/15
  5268 | D:5      | Reached skill level 6 in Fire Magic
  5642 | D:6      | Reached skill level 5 in Stealth
  5813 | D:6      | Learned a level 4 spell: Flame Wave
  5816 | D:6      | Learned a level 2 spell: Scorch
  5894 | D:6      | You fall into a shaft and drop 2 floors!
  6023 | D:8      | Reached * piety under Sif Muna
  6024 | D:8      | Reached skill level 5 in Conjurations
  6024 | D:8      | Reached XP level 9. HP: 53/53 MP: 2/17
  6261 | D:8      | Reached skill level 1 in Invocations
  6475 | D:7      | Reached skill level 7 in Fire Magic
  7963 | D:7      | Reached ** piety under Sif Muna
  8877 | D:8      | Reached XP level 10. HP: 45/61 MP: 8/20
  9324 | D:8      | Identified 2 scrolls of acquirement
  9324 | D:8      | Acquired the ring "Lupsud" {rPois rN+ MP+9 Int+4 Dex+6}
  9327 | D:8      | Acquired the +1 hat of Imperfection {Rampage rC+ Slay+3}
  9476 | D:9      | Reached skill level 8 in Fire Magic
  9720 | D:9      | Found a flagged portal.
  9723 | D:9      | Noticed a two-headed ogre
  9732 | D:9      | Killed a two-headed ogre
  9736 | Bailey   | Entered a bailey
  9978 | Bailey   | Noticed an orc knight
  9992 | Bailey   | Killed an orc knight
  9993 | Bailey   | Reached skill level 5 in Invocations
 10103 | Bailey   | Found a large runed translucent door.
 10103 | Bailey   | Found a large runed translucent door.
 10104 | Bailey   | Noticed a deep elf pyromancer
 10197 | Bailey   | Killed a deep elf pyromancer
 10224 | Bailey   | Identified the +7 ring mail of Vlad {rCorr Dex+4}
 10272 | D:9      | Noticed a two-headed ogre
 10283 | D:9      | Killed a two-headed ogre
 10284 | D:9      | Reached skill level 9 in Fire Magic
 10284 | D:9      | Reached XP level 11. HP: 65/65 MP: 23/23
 10507 | D:9      | Found a runed translucent gate.
 10507 | D:9      | Found a runed translucent gate.
 10507 | D:9      | Found a runed translucent gate.
 10509 | D:9      | Found an opulent altar of Gozag.
 10510 | D:9      | Found Aduebean's Assorted Antiques.
 10512 | D:9      | Noticed Peloso's ghost (novice MiFi)
 10512 | D:9      | Noticed a deep elf pyromancer
 10752 | D:9      | Killed a deep elf pyromancer
 10759 | D:9      | Killed Peloso's ghost
 10837 | D:9      | Bought a glowing coral ring for 100 gold pieces
 10840 | D:9      | Bought a crooked runed staff for 240 gold pieces
 11074 | D:9      | Identified the +1 chain mail "Mielie" {*Slow rC+++ Will++}
 11080 | D:9      | Gained mutation: You have hidden genetic defects. [potion
                  | of mutation]
 11080 | D:9      | Gained mutation: Your magical capacity is low. (-10% MP)
                  | [potion of mutation]
 11081 | D:9      | Lost mutation: Your magical capacity is low. (-10% MP)
                  | [potion of mutation]
 11081 | D:9      | Lost mutation: You have hidden genetic defects. [potion of
                  | mutation]
 11081 | D:9      | Gained mutation: You tend to lose your temper in combat.
                  | [potion of mutation]
 11081 | D:9      | Gained mutation: Potions are less effective at restoring
                  | your health. [potion of mutation]
 11081 | D:9      | Gained mutation: You expend magic power (3 MP) to
                  | strengthen your wands. [potion of mutation]
 11081 | D:9      | Gained mutation: Your flesh is cold resistant. (rC+)
                  | [potion of mutation]
 11132 | D:10     | Entered Level 10 of the Dungeon
 11132 | D:10     | Noticed a two-headed ogre
 11142 | D:10     | Killed a two-headed ogre
 11307 | D:10     | Reached *** piety under Sif Muna
 11327 | D:10     | Learned a level 3 spell: Summon Guardian Golem
 11335 | D:10     | Learned a level 7 spell: Orb of Destruction
 11702 | D:10     | Found a staircase to the Lair.
 11927 | D:10     | Noticed a purple ugly thing
 11941 | D:10     | Noticed a two-headed ogre
 11949 | D:10     | Killed a two-headed ogre
 12059 | D:10     | Killed a purple ugly thing
 12546 | D:11     | Found Qynize's Distillery.
 12574 | D:11     | Noticed a two-headed ogre
 12586 | D:11     | Killed a two-headed ogre
 12587 | D:11     | Reached skill level 1 in Shields
 12644 | D:11     | Noticed a white ugly thing
 12652 | D:11     | Killed a white ugly thing
 12653 | D:11     | Reached XP level 12. HP: 72/72 MP: 25/25
 12788 | D:11     | Noticed Maurice
 12810 | D:11     | Killed Maurice
 12811 | D:11     | Reached skill level 10 in Fire Magic
 12966 | D:11     | Found a shimmering blue altar of Sif Muna.
 12986 | D:11     | Got Sif Muna's Incunabulum of the Rocks
 13126 | D:11     | Noticed a two-headed ogre
 13157 | D:11     | Killed a two-headed ogre
 13323 | D:11     | Noticed a two-headed ogre
 13336 | D:11     | Killed a two-headed ogre
 13485 | D:11     | Noticed a seven-headed hydra
 13510 | D:12     | Reached skill level 1 in Summonings
 13878 | D:12     | Noticed a four-headed hydra
 13888 | D:12     | Found a white marble altar of Elyvilon.
 14052 | D:12     | Killed a four-headed hydra
 14660 | D:11     | Killed a seven-headed hydra
 14661 | D:11     | Reached skill level 10 in Spellcasting
 14837 | D:11     | Acquired the ring "Cemaq" {AC+4 Int+4}
 15547 | D:12     | Noticed Urug
 15562 | D:12     | Killed Urug
 15642 | D:12     | Reached skill level 11 in Fire Magic
 15710 | D:12     | Identified the +7 hunting sling "Erenue" {flame, Str+3}
 15725 | D:12     | Found a staircase to the Orcish Mines.
 15828 | D:12     | Identified the -5 pair of boots of the Sailor {Dex+6}
 15850 | D:12     | Reached **** piety under Sif Muna
 15914 | D:12     | Noticed a boulder beetle
 15930 | D:12     | Killed a boulder beetle
 16183 | Lair:1   | Entered Level 1 of the Lair of Beasts
 16278 | Lair:1   | Reached XP level 13. HP: 51/76 MP: 27/27
 16610 | Lair:1   | Found a runed translucent gate.
 16610 | Lair:1   | Found a runed translucent gate.
 16610 | Lair:1   | Found a runed translucent gate.
 16611 | Lair:1   | Noticed HessuHobo's ghost (journeyman DsBe)
 16612 | Lair:1   | Noticed Ameky's ghost (journeyman OpTm)
 16766 | Lair:1   | Killed HessuHobo's ghost
 17139 | Lair:1   | Killed Ameky's ghost
 17643 | Lair:2   | Found a staircase to the Shoals.
 17757 | Lair:2   | Noticed Harold
 17767 | Lair:2   | Killed Harold
 18847 | Lair:4   | Reached skill level 12 in Fire Magic
 19316 | Lair:4   | Reached ***** piety under Sif Muna
 19316 | Lair:4   | Received a gift from Sif Muna
 19317 | Lair:4   | Got Sif Muna's Grimoire of Displaced Stones {god gift}
 19326 | Lair:4   | Learned a level 7 spell: Spellforged Servitor
 19726 | Lair:4   | Mangled by a blink frog

Illustrated notes

Levels and vault maps discovered:
D:1:      kb_arrival_jail, layout_rooms, ebering_ecumenical_altar_webs,
          hangedman_glass_teeth, minmay_pentomino_t2
D:2:      layout_loops_ring, serial_shops, nicolae_square_shop,
          minmay_misc_feat_square
D:3:      layout_rooms, tso_metal_star, ebering_ghost_sewer_d,
          kennysheep_orc_chapel
D:4:      layout_rooms
D:5:      layout_loops_cross, minmay_temple_entry_waves, serial_shops,
          nicolae_shop_statue_plus, uniq_pikel, uniq_grinder
D:6:      layout_layer_cave, enter_ossuary_2, corexii_shack
D:7:      layout_basic, serial_rivers, chequers_serial_rivers_micro_d,
          chequers_serial_rivers_small_a, chequers_serial_rivers_micro_e,
          chequers_serial_rivers_small_b, chequers_serial_rivers_micro_a,
          chequers_serial_rivers_micro_b
D:8:      layout_loops_ring
D:9:      layout_basic, enter_bailey_1, ebering_ghost_gozag
D:10:     layout_cave_pools, minmay_lair_entry_grove, serial_rivers,
          chequers_serial_rivers_micro_b, chequers_serial_rivers_large_b,
          chequers_serial_rivers_room_a, chequers_serial_rivers_room_a,
          chequers_serial_rivers_micro_b, chequers_serial_rivers_small_b,
          chequers_mini_garden, minmay_mirror_moons_of_madness
D:11:     layout_roguey, serial_rivers, chequers_serial_rivers_small_b,
          chequers_serial_rivers_small_a, chequers_serial_rivers_room_a,
          chequers_serial_rivers_micro_c, nicolae_take_the_stairs, led_sif_book,
          uniq_maurice
D:12:     layout_irregular_city, david_orc_1_choice, elyvilon_altar_4, uniq_urug
D:13:     nicolae_cairo_tiling, layout_cave_pools,
          lightli_vaults_fourway_checkpoint, serial_co_window_serial,
          co_window_paths_a, co_window_corner_a, co_window_cross_1,
          co_window_corner_a, co_window_of_opportunity_a,
          co_window_of_opportunity_b, co_window_2corner,
          co_window_of_opportunity_b, co_window_corner_b, co_window_2corner,
          co_window_corner_b, co_window_paths_d, glass_columns_a,
          glass_columns_a, glass_columns_b
Temple:   roderic_octagonal_lattice_temple
Lair:1:   layout_roguey, gammafunk_ghost_cemetery, serial_bayou_pond_d,
          serial_bayou_lake_a
Lair:2:   layout_misc_corridors, elwin_shoals_entry_rocks, grunt_megastairs_5,
          uniq_harold
Lair:3:   layout_hall_layers
Lair:4:   layout_cave_pods, spider_nest_entry_funnel_web

Skill      XL: |  1  2  3  4  5  6  7  8  9 10 11 12 13 |
---------------+----------------------------------------+-----
Stealth        | 3 4 5 7 |  7.4
Conjurations   | 2 3 4 5 6 7 8 9 |  9.5
Fire Magic     | 4 5 6 7 9 11 12 | 12.1
Spellcasting   | 3 5 6 8 9 10 11 | 11.5
Short Blades   | 1 |  1.4
Fighting       | 1 2 |  2.7
Dodging        | 3 4 |  4.7
Hexes          | 1 2 3 4 |  4.9
Invocations    | 3 5 7 8 |  8.7
Shields        | 1 |  1.8
Summonings     | 1 2 |  2.0
Staves         | |  0.8
Throwing       | |  0.5
Evocations     | |  0.2

Action                   |  1- 3 |  4- 6 |  7- 9 | 10-12 | 13-15 || total
-------------------------+-------+-------+-------+-------+-------++-------
Melee: Short sword       |    16 |    24 |    17 |     8 |       ||    65
       Constrict         |     4 |     6 |     6 |     6 |     9 ||    31
       Tentacles         |     1 |     3 |     4 |     7 |     5 ||    20
       Staff             |       |       |       |    34 |    28 ||    62
Throw: Dart              |       |       |       |     2 |       ||     2
       Throwing net      |       |       |       |     1 |       ||     1
 Cast: Foxfire           |    61 |    93 |   160 |   313 |   114 ||   741
       Conjure Flame     |       |     1 |     8 |     7 |     2 ||    18
       Inner Flame       |       |     1 |     8 |    69 |    21 ||    99
       Scorch            |       |       |    18 |    39 |    56 ||   113
       Flame Wave        |       |       |     4 |     4 |     7 ||    15
       Summon Guardian G |       |       |       |    23 |     6 ||    29
Invok: Channel Magic     |       |       |       |       |     1 ||     1
Evoke: Wand              |       |       |     2 |       |     2 ||     4
  Use: Scroll            |       |       |       |    20 |     8 ||    28
       Potion            |       |       |       |     8 |     1 ||     9
 Stab: Sleeping          |     4 |     3 |     2 |     2 |       ||    11
       Paralysed         |       |       |     1 |       |       ||     1
Armor: Skin              |     3 |     4 |     2 |    10 |    11 ||    30
Dodge: Dodged            |    18 |    35 |    50 |   103 |    79 ||   285
Block: Other             |       |       |     3 |     4 |       ||     7
       Orb               |       |       |       |    23 |    26 ||    49
       Reflection        |       |       |       |     3 |       ||     3

Table legend: (Time is in decaauts)
 A = Elapsed time spent in this place.
 B = Non-inter-level travel time spent in this place.
 C = Inter-level travel time spent in this place.
 D = Time resting spent in this place.
 E = Time spent auto-exploring this place.
 F = Levels seen in this place.
 G = Mean time per level.
                   A        B        C        D        E       F      G
               +--------+--------+--------+--------+--------+-----+--------+
         Total |  19779 |  19276 |    503 |    892 |  13264 |  19 | 1041.0 |
       Dungeon |  15526 |  15056 |    470 |    892 |  10142 |  13 | 1194.3 |
        Temple |    181 |    167 |     14 |      0 |    142 |   1 |  181.0 |
          Lair |   3539 |   3520 |     19 |      0 |   2641 |   4 |  884.8 |
        Bailey |    531 |    531 |      0 |      0 |    339 |   1 |  531.0 |
               +--------+--------+--------+--------+--------+-----+--------+

Top non-repeatable levels by time:
    D:12: 2291 daAuts
     D:6: 1678 daAuts
    D:11: 1430 daAuts
  Lair:1: 1356 daAuts
     D:1: 1354 daAuts
     D:9: 1324 daAuts
     D:8: 1317 daAuts
    D:10: 1255 daAuts
     D:2: 1195 daAuts
     D:4: 1009 daAuts
  Lair:4: 970 daAuts
     D:5: 963 daAuts
     D:3: 861 daAuts
     D:7: 838 daAuts
  Lair:2: 753 daAuts
